 Dungeon Crawl Stone Soup version 0.16.1-11-g651b585 (webtiles) character file.

1886 jacksonaction the Basher (level 8, -2/64 HPs)
             Began as a Minotaur Fighter on Apr 7, 2015.
             Was a Believer of Okawaru.
             Engulfed by a cloud of freezing vapour (5 damage)
             ... on level 7 of the Dungeon.
             The game lasted 00:30:08 (6171 turns).

jacksonaction the Basher (Minotaur Fighter)         Turns: 6171, Time: 00:30:09

Health: -2/64      AC: 13    Str: 23    XL:     8   Next: 92%
Magic:  18/18      EV:  5    Int:  5    God:    Okawaru [**....]
Gold:   293        SH: 10    Dex: 10    Spells: 0 memorised, 7 levels left

rFire  . . .     SeeInvis .     A - +1 whip (elec)
rCold  + . .     Clarity  .     x - +0 plate armour
rNeg   . . .     SustAb   .     c - +0 shield
rPois  .         Gourm    +     (helmet restricted)
rElec  .         Spirit   .     O - +0 cloak
rCorr  .         Warding  .     (no gloves)
rMut   .         Stasis   .     (no boots)
MR     .....                    l - amulet of the gourmand
Stlth  ..........               w - ring of protection from cold
                                q - ring of magical power

@: not resistant to hostile enchantments, extremely unstealthy
A: retaliatory headbutt, horns 2
a: Heroism, Renounce Religion


You were on level 7 of the Dungeon.
You worshipped Okawaru.
Okawaru was pleased with you.
You were full.

You visited 2 branches of the dungeon, and saw 8 of its levels.
You also visited: Sewer.

You collected 293 gold pieces.

Inventory:

Hand weapons
 A - a +1 whip of electrocution (weapon)
 P - a +0 shortbow
Missiles
 g - 13 bolts
 j - 76 arrows
 r - 7 arrows of flame
 v - 64 sling bullets
 y - 8 tomahawks (quivered)
 D - a throwing net
 H - 15 poisoned needles
Armour
 c - a +0 shield (worn)
 x - a +0 plate armour (worn)
 O - a +0 cloak (worn)
Jewellery
 l - an amulet of the gourmand (around neck)
 m - an uncursed ring of fire
 q - a ring of magical power (left hand)
 w - a ring of protection from cold (right hand)
 K - an uncursed amulet of clarity
Magical devices
 f - a wand of confusion (23)
 I - a wand of cold (12)
 Q - a wand of polymorph (13)
Scrolls
 a - 6 scrolls of identify
 i - 2 scrolls of fear {unknown}
 k - 4 scrolls of remove curse
 n - a scroll of teleportation {unknown}
 o - 2 scrolls of magic mapping {unknown}
 u - a scroll of immolation {unknown}
 C - a scroll of fog {unknown}
 E - 2 scrolls of blinking {unknown}
 J - 2 scrolls of noise
 N - a scroll of recharging {unknown}
Potions
 b - 4 potions of heal wounds {unknown}
 e - 4 potions of might
 p - a potion of cure mutation {unknown}
 t - a potion of resistance {unknown}
 z - 2 potions of agility {unknown}
 B - a potion of mutation {unknown}
 F - a potion of degeneration {unknown}
 G - a potion of lignification {unknown}
 L - a potion of curing {unknown}
 R - 2 potions of restore abilities {unknown}
Comestibles
 d - 10 bread rations
 h - 2 slices of pizza
 s - 5 meat rations
 M - a royal jelly


   Skills:
 - Level 3.6 Fighting
 + Level 8.2 Maces & Flails
 - Level 6.4 Bows
 - Level 6.0 Armour
 - Level 6.4 Shields
 - Level 4.0 Invocations


You had 7 spell levels left.
You didn't know any spells.

Dungeon Overview and Level Annotations

Branches:
Dungeon (7/15)             Temple (1/1) D:5

Altars:
Ashenzari
Dithmenos
Elyvilon
Makhleb
Okawaru
Ru
Sif Muna
Xom
Zin
The Shining One


Innate Abilities, Weirdness & Mutations

You reflexively headbutt those who attack you in melee.
You have a pair of horns on your head.


Message History

You are engulfed in freezing vapours.
You resist.
You are engulfed in freezing vapours.
You resist.
You are engulfed in freezing vapours.
You resist.
You are engulfed in freezing vapours.
You resist.
You are engulfed in freezing vapours.
You resist.
* * * LOW HITPOINT WARNING * * *
You start resting.
You are engulfed in freezing vapours.
You resist.
* * * LOW HITPOINT WARNING * * *
You are engulfed in freezing vapours.
You resist.
* * * LOW HITPOINT WARNING * * *
You are engulfed in freezing vapours.
You resist.
You are engulfed in freezing vapours.
You resist.
* * * LOW HITPOINT WARNING * * *
Drink which item? (? for menu, Esc to quit)
Okay, then.
Read which item? (? for menu, Esc to quit)
As you read the scroll labeled BIL USOKLOUDD, it crumbles to dust.
You hear a loud clanging noise!
It was a scroll of noise.
You are engulfed in freezing vapours.
You resist.
You die...

##..##### ##.)............<. #
#.......###..#########....#.
######†#####...#.## #.##...
.....).# ###...# #.#..## ##...###
###..###########.#..## ##..#####
###################8'8#
#.......###.#§§§§§§§§§§§.....§..#
..#####.....#§###################
### ####..#.#§§§@§§§§§§§§..%$$)!#
#####....########################
.........###########........#####
###.......##############.........
#..................##...#..####
#.......###.............##...##
#.......# #........#....)......
#.......# #######......###....#
##.....## ###....#.### #....#


There were no monsters in sight!

Vanquished Creatures
  Eustachio (D:6)
  A hungry ghost (D:7)
  An ice beast (D:7)
  Purgy (Sewer)
  2 centaurs
  4 ogres
  A giant frog (D:7)
  A scorpion (D:7)
  A goliath beetle (D:7)
  2 orc priests
  A centaur zombie (D:7)
  6 orc wizards
  7 worker ants
  An iguana (D:6)
  A hound zombie (D:7)
  A hound skeleton (D:7)
  Terence (D:2)
  3 gnolls (D:5)
  7 adders
  3 giant mites
  6 worms
  An adder skeleton (D:6)
  10 giant geckos
  2 oozes (D:1)
  26 orcs
  A bat skeleton (D:5)
  5 giant cockroaches
  9 goblins
  6 hobgoblins
  4 jackals (D:6)
  8 kobolds
  15 bats
  9 giant newts
  3 jackal zombies
  5 quokkas
  A quokka skeleton (D:7)
  A quokka zombie (D:5)
  28 rats
  A ballistomycete (D:7)
187 creatures vanquished.

Vanquished Creatures (others)
  A giant spore (D:7)
1 creature vanquished.

Grand Total: 188 creatures vanquished

Notes
Turn   | Place    | Note
--------------------------------------------------------------
     0 | D:1      | jacksonaction, the Minotaur Fighter, began the quest for the Orb.
     0 | D:1      | Reached XP level 1. HP: 19/19 MP: 1/1
   532 | D:1      | Reached XP level 2. HP: 26/26 MP: 1/1
  1083 | D:2      | Reached skill level 4 in Maces & Flails
  1083 | D:2      | Reached XP level 3. HP: 19/31 MP: 2/2
  1525 | D:2      | Reached skill level 5 in Maces & Flails
  1710 | D:2      | Reached XP level 4. HP: 39/39 MP: 2/2
  1837 | D:2      | Found a sacrificial altar of Ru.
  1837 | D:2      | Noticed Terence
  1855 | D:2      | Killed Terence
  1978 | D:2      | Found a deep blue altar of Sif Muna.
  2092 | D:3      | Reached skill level 6 in Maces & Flails
  2154 | D:3      | Found a burning altar of Makhleb.
  2155 | D:3      | Found a shattered altar of Ashenzari.
  2202 | D:3      | Found a glowing silver altar of Zin.
  2292 | D:3      | Reached XP level 5. HP: 43/45 MP: 2/2
  2625 | D:3      | Reached skill level 5 in Shields
  2625 | D:3      | Reached XP level 6. HP: 32/51 MP: 3/3
  2777 | D:4      | Reached skill level 5 in Armour
  2999 | D:4      | Found a glowing drain.
  3006 | Sewer    | Entered a sewer
  3046 | Sewer    | Noticed Purgy
  3055 | Sewer    | Killed Purgy
  4061 | D:5      | Entered Level 5 of the Dungeon
  4094 | D:5      | Reached XP level 7. HP: 57/57 MP: 3/3
  4221 | D:5      | Found a staircase to the Ecumenical Temple.
  4236 | Temple   | Entered the Ecumenical Temple
  4246 | Temple   | Became a worshipper of Warmaster Okawaru
  4310 | D:5      | Reached skill level 7 in Maces & Flails
  4370 | D:5      | Found a shimmering altar of Xom.
  4883 | D:6      | Found a glowing golden altar of the Shining One.
  4954 | D:6      | Reached skill level 1 in Invocations
  5101 | D:6      | Noticed Eustachio
  5121 | D:6      | Killed Eustachio
  5121 | D:6      | Acquired Okawaru's first power
  5121 | D:6      | Reached XP level 8. HP: 62/64 MP: 9/9
  5692 | D:7      | Reached skill level 5 in Bows
  5886 | D:7      | Reached skill level 8 in Maces & Flails
  5977 | D:7      | Found a shadowy altar of Dithmenos.
  6170 | D:7      | HP: 2/64 [something (5)]
  6171 | D:7      | Engulfed by a cloud of freezing vapour

Action                   |  1- 3 |  4- 6 |  7- 9 || total
-------------------------+-------+-------+-------++-------
Melee: Flail             |    49 |       |       ||    49
       Whip              |    42 |   214 |   257 ||   513
Throw: Stone             |     1 |     2 |       ||     3
       Tomahawk          |       |       |     3 ||     3
  Use: Scroll            |       |       |     2 ||     2
  Eat: Chunk             |    12 |     8 |    12 ||    32
